 Dungeon Crawl Stone Soup version 0.26-a0-1132-ge9770dfcb6 (webtiles) character file.

Game seed: 5129374509142049216

37748 Dracia the Brawler (level 13, -1/124 HPs)
             Began as a Troll Monk on Dec 20, 2020.
             Slain by a four-headed hydra (2 damage)
             ... on level 4 of the Lair of Beasts.
             The game lasted 00:23:22 (13296 turns).

Dracia the Brawler (Troll Monk)                    Turns: 13296, Time: 00:23:22

Health: -1/124     AC: 14    Str: 28    XL:     13   Next: 60%
Magic:  12/12      EV: 16    Int:  3    God:
Gold:   1180       SH:  0    Dex: 16    Spells: 12/12 levels left

rFire    . . .     SeeInvis .     - Unarmed
rCold    . . .     Faith    .   (no shield)
rNeg     . . .     Spirit   .   I - +3 acid dragon scales
rPois    +         Reflect  .   (helmet restricted)
rElec    .         Harm     .   M - +0 cloak
rCorr    +         Rampage  .   (gloves unavailable)
Will     ++...     Rnd*Rage +   (boots unavailable)
Stlth    +.........             l - necklace of Bloodlust {*Rage +Rage Will++ Int-3 Slay+6 *Curse} (curse)
HPRegen  0.70/turn              S - +6 ring of strength
MPRegen  0.13/turn              P - ring of poison resistance

@: lethally poisoned (-1 -> -17), frozen, berserk cooldown, slowed, studying
Stealth, very slow
A: large, unfitting armour, claws 3, regeneration 1, shaggy fur 1, tough skin 3
a: Evoke Berserk Rage


You were on level 4 of the Lair of Beasts.
You visited 2 branches of the dungeon, and saw 14 of its levels.
You also visited: Ossuary and Gauntlet.

You collected 1957 gold pieces.
You spent 777 gold pieces at shops.


Innate Abilities, Weirdness & Mutations

You are too large for most types of armour.
You have claws for hands.
Your natural rate of healing is unusually fast.
You are covered in fur. (AC +1)
You have extremely tough skin. (AC +3)


   Skills:
 + Level 7.0 Fighting
 + Level 2.1 Armour
 - Level 10.2 Dodging
 - Level 1.0 Stealth
 - Level 17.6 Unarmed Combat
 + Level 7.3 Evocations


You had 12 spell levels left.
You didn't know any spells.
Your spell library contained the following spells:

 Spells                   Type           Power        Failure   Level
 Ensorcelled Hibernation  Hex/Ice        0%           73%         2
 Confusing Touch          Hex            0%           91%         3
 Gell's Gravitas          Tloc           0%           91%         3
 Petrify                  Tmut/Erth      0%           100%        4
 Borgnjor's Vile Clutch   Necr/Erth      0%           100%        5
 Metabolic Englaciation   Hex/Ice        0%           100%        5
 Silence                  Hex/Air        0%           100%        5
 Yara's Violent Unravell  Hex/Tmut       0%           100%        5
 Shadow Creatures         Summ           N/A          100%        6

Inventory:

Missiles
 e - 4 atropa-tipped darts
 h - 116 poisoned darts (quivered)
 H - 3 throwing nets {=f=f}
Armour
 a - a +1 robe
 I - +3 acid dragon scales (worn)
 J - a scarf of shadows
 M - a +0 cloak (worn)
 X - a cursed +0 cloak
Magical Staves
 B - an uncursed staff of death {!a!a, unknown}
 N - an uncursed staff of death {!a!a, unknown}
Jewellery
 c - an uncursed ring of ice
 l - the cursed necklace of Bloodlust (around neck) {*Rage +Rage Will++ Int-3 Slay+6 *Curse}
   (You found it on level 4 of the Dungeon)

   [amulet of nothing]

   It affects your intelligence (-3).
   It affects your accuracy and damage with ranged weapons and melee attacks
   (+6).
   It affects your willpower, your defense against some magical effects.
   It lets you go berserk.
   It may make you go berserk in combat.
   It curses itself when equipped.
   It has a curse placed upon it.
 v - an uncursed ring of see invisible
 C - an uncursed ring of ice
 D - a +6 ring of dexterity
 F - an uncursed ring of fire
 L - an uncursed ring of flight
 P - a ring of poison resistance (right claw)
 R - an uncursed ring of positive energy {unknown}
 S - a +6 ring of strength (left claw)
 T - an uncursed amulet of faith {!P!P}
 U - a cursed ring of teleportation {unknown}
 V - a +6 ring of dexterity
 W - an uncursed ring of magical power
Wands
 p - a wand of iceblast (7)
 u - a wand of enslavement (9)
 A - a wand of polymorph (1)
 K - a wand of random effects (43)
 O - a wand of digging (2)
 Y - a wand of flame (37)
Scrolls
 d - 3 scrolls of fear
 g - 9 scrolls of remove curse {@r2@r2}
 i - 3 scrolls of blinking
 k - 4 scrolls of teleportation {@r4@r4}
 r - 6 scrolls of fog
 t - 2 scrolls of enchant weapon
 x - a scroll of immolation
 y - 3 scrolls of amnesia
 G - a scroll of enchant armour
 Q - 2 scrolls of identify {@r1@r1}
 Z - a scroll of brand weapon {unknown}
Potions
 b - 6 potions of haste {@q3@q3}
 f - 7 potions of curing {@q1@q1}
 j - 2 potions of ambrosia
 m - 5 potions of might
 n - 2 potions of flight {unknown}
 o - 2 potions of berserk rage {!q!q}
 s - a potion of heal wounds {@q2@q2}
 w - 3 potions of lignification
 z - 2 potions of invisibility
 E - a potion of attraction
Books
 q - a manual of Stealth {!d!d}

Dungeon Overview and Level Annotations

Branches:
Dungeon (10/15)            Temple (0/1) D:4            Lair (4/6) D:8
  Swamp (0/4) Lair:2        Snake (0/4) Lair:3      Ossuary (visited)
Gauntlet (visited)
    Orc: D:9-12

Altars:
Ashenzari
Gozag
Makhleb
Ru
Sif Muna
Zin

Shops:
D:4 *(   D:8 *

Annotations:
D:4 4 runed translucent doors
Lair:4 Nessos

#....###...
#....# . #
##....# ##.
#.(...#
#...##.†...# .
...(.......# ..
....c..>...# ..
....../kD..#.###
..
........@.§.....
..
................
..
...........(....
.#
$............#.#
#
###..P.....##..#
. ####.....# ###
.. #...... ..
#......#


You could see Nessos (fast), a four-headed hydra and a rime drake.


Message History

The arrow burns you.
* * * LOW HITPOINT WARNING * * *
There is a stone staircase leading down here.
You see here an arrow.
You feel your anger nearly subside.
You are no longer berserk.
You are exhausted.
You feel yourself slow down.
Nessos shoots an arrow.
The arrow completely misses you. The rime drake breathes ice at you.
The flash freeze misses you.
Nessos blinks!
Nessos shoots an arrow.
The arrow misses you.
Nessos shoots an arrow.
The arrow closely misses you. The rime drake breathes ice at you.
The flash freeze hits you!
* * * LOW HITPOINT WARNING * * *
You are encased in ice.
You feel much better.
Nessos shoots an arrow.
The arrow hits you!!
* * * LOW HITPOINT WARNING * * *
The arrow burns you.
You are lethally poisoned!
* * * LOW HITPOINT WARNING * * *
Nessos shoots an arrow.
The arrow hits you.
* * * LOW HITPOINT WARNING * * *
The arrow burns you.
* * * LOW HITPOINT WARNING * * *
The four-headed hydra bites you but does no damage. x2
The four-headed hydra bites you.
* * * LOW HITPOINT WARNING * * *
The four-headed hydra bites you.
You die...

Skill      XL: |  1  2  3  4  5  6  7  8  9 10 11 12 13 |
---------------+----------------------------------------+-----
Unarmed Combat | 4 5 6 7 9 10 12 13 16 17 | 17.6
Dodging        | 3 4 5 6 7 8 9 10 | 10.2
Fighting       | 3 4 5 6 7 |  7.0
Evocations     | 3 4 6 7 |  7.3
Armour         | 2 |  2.1
Stealth        | |  1.0

Action                   |  1- 3 |  4- 6 |  7- 9 | 10-12 | 13-15 || total
-------------------------+-------+-------+-------+-------+-------++-------
Melee: Unarmed           |   104 |    93 |   309 |   421 |   163 ||  1090
       Punch             |       |     3 |    14 |    33 |    12 ||    62
 Abil: Evoke Berserk Rag |       |       |       |     1 |     1 ||     2
Evoke: Wand              |       |       |       |    17 |       ||    17
  Use: Scroll            |       |     5 |     6 |    11 |     2 ||    24
       Potion            |       |     1 |     2 |       |     1 ||     4
 Stab: Sleeping          |     2 |     2 |     5 |     9 |       ||    18
       Distracted        |       |       |       |     2 |       ||     2
Armor: Robe              |    48 |    33 |    88 |    43 |       ||   212
       Acid dragon scale |       |       |       |    61 |    50 ||   111
Dodge: Dodged            |    71 |    47 |   221 |   303 |   100 ||   742

Levels and vault maps discovered:
D:1:      lightli_arrival_noodles, layout_rooms, serial_park_tiny_2,
          chequers_jeans
D:2:      layout_rooms, minmay_shallow_snake_nest, uniq_jessica
D:3:      layout_basic, chequers_ecumenical_altar_twisty
D:4:      layout_layer_cave, overflow_temple_1_default,
          minmay_temple_entry_purple_smoke, serial_shops, kennysheep_little_box,
          shop, serial_bayou_ford_a, minmay_hollow_rounded_squares
D:5:      layout_basic, uniq_prince_ribbit1
D:6:      layout_basic, nicolae_ru_sacrificial_ziggurat, lemuel_crystal_altar,
          minmay_manual_mullet
D:7:      layout_cave_pods, general_overflow_altar, gup_ossuary_entry_pyramid,
          serial_undead, serial_undead_c, serial_undead_b, serial_undead_d,
          serial_undead_c, serial_undead_d, serial_undead_d
D:8:      layout_rooms, dpeg_oklobed_lair, serial_shops, shop, led_sif_pool
D:9:      hangedman_cross_cluster, layout_loops_corners, lemuel_doored_altar,
          kennysheep_generic_room_9
D:10:     layout_roguey, minmay_the_grid_2x2 [minmay_the_grid_dragon_b,
          minmay_the_grid_slots, minmay_the_grid_embedded,
          minmay_the_grid_prize_four_corners], uniq_erolcha, uniq_harold
Lair:1:   layout_concentric_octagons, beast_lair_carwin_5, grunt_megastairs_3
Lair:2:   cheibrodos_lair_river_kwai, layout_hall_layers, swamp_mist
Lair:3:   layout_chaotic_city, guppyfry_snake_entry_garden,
          gauntlet_entry_generic, beast_lair_carwin_10
Lair:4:   dragon1_lemuel, layout_regular_city, uniq_nessos

Notes
Turn   | Place    | Note
-------+----------+-------------------------------------------
     0 | D:1      | Dracia the Troll Monk began the quest for the Orb.
     0 | D:1      | Reached XP level 1. HP: 22/22 MP: 0/0
    73 | D:1      | Reached XP level 2. HP: 26/29 MP: 1/1
   336 | D:1      | Reached XP level 3. HP: 32/36 MP: 2/2
   587 | D:2      | Reached skill level 4 in Unarmed Combat
   673 | D:2      | Reached XP level 4. HP: 44/44 MP: 3/3
   688 | D:2      | Reached skill level 3 in Dodging
   723 | D:2      | Noticed Jessica
   732 | D:2      | Killed Jessica
   733 | D:2      | Reached skill level 3 in Fighting
  1158 | D:3      | Reached XP level 5. HP: 53/53 MP: 4/4
  1228 | D:3      | Found a faded altar of an unknown god.
  1486 | D:4      | Found a burning altar of Makhleb.
  1574 | D:4      | Noticed a yak
  1576 | D:4      | Noticed a yak
  1576 | D:4      | Noticed a yak
  1578 | D:4      | Noticed a yak
  1593 | D:4      | Killed a yak
  1594 | D:4      | Reached skill level 5 in Unarmed Combat
  1594 | D:4      | Reached XP level 6. HP: 44/61 MP: 5/5
  1605 | D:4      | Killed a yak
  1613 | D:4      | Killed a yak
  1614 | D:4      | Reached skill level 4 in Dodging
  1614 | D:4      | Reached skill level 6 in Unarmed Combat
  1614 | D:4      | Reached XP level 7. HP: 31/68 MP: 6/6
  1619 | D:4      | Killed a yak
  1620 | D:4      | Reached skill level 4 in Fighting
  1719 | D:4      | Found a staircase to the Ecumenical Temple.
  1752 | D:4      | Found a large runed translucent door.
  1752 | D:4      | Found a large runed translucent door.
  1756 | D:4      | Noticed a yak
  1768 | D:4      | Found a large runed translucent door.
  1768 | D:4      | Found a large runed translucent door.
  1786 | D:4      | You fall into a shaft and drop 1 floor!
  1786 | D:5      | Entered Level 5 of the Dungeon
  1876 | D:5      | Reached skill level 7 in Unarmed Combat
  2048 | D:4      | Found Ciesm's Antique Weapon Emporium.
  2220 | D:4      | Found the cursed necklace of Bloodlust {*Rage +Rage Will++
                  | Int-3 Slay+6 *Curse}
  2247 | D:4      | Found Lurut's General Store.
  2275 | D:4      | Reached XP level 8. HP: 79/79 MP: 7/7
  2360 | D:4      | Bought a potion of curing for 36 gold pieces
  2360 | D:4      | Bought a potion of curing for 36 gold pieces
  2966 | D:5      | You fall into a shaft and drop 3 floors!
  2966 | D:8      | Found a shimmering blue altar of Sif Muna.
  2996 | D:8      | Reached skill level 5 in Fighting
  2996 | D:8      | Reached skill level 5 in Dodging
  2996 | D:8      | Reached skill level 8 in Unarmed Combat
  3009 | D:8      | Reached skill level 9 in Unarmed Combat
  3009 | D:8      | Reached XP level 9. HP: 17/88 MP: 8/8
  3155 | D:7      | Found a sand-covered staircase.
  3162 | Ossuary  | Entered an ossuary
  3570 | D:7      | HP: 8/89 [orc warrior/+0 halberd (16)]
  3822 | D:7      | Found a glowing silver altar of Zin.
  4273 | D:6      | Reached skill level 6 in Dodging
  4301 | D:6      | Reached skill level 6 in Fighting
  4386 | D:6      | Found a sacrificial altar of Ru.
  4435 | D:6      | Found a broken altar of Ashenzari.
  4467 | D:6      | Reached skill level 10 in Unarmed Combat
  5081 | D:5      | Noticed Prince Ribbit
  5088 | D:5      | Killed Prince Ribbit
  5335 | D:8      | Noticed a deep elf mage
  5343 | D:8      | Killed a deep elf mage
  5344 | D:8      | Reached XP level 10. HP: 92/100 MP: 9/9
  5609 | D:8      | Found Gyr Koge's General Store.
  5660 | D:8      | Reached skill level 11 in Unarmed Combat
  5672 | D:8      | Found a staircase to the Lair.
  5855 | D:9      | Reached skill level 1 in Evocations
  5986 | D:9      | Noticed a two-headed ogre
  5999 | D:9      | Killed a two-headed ogre
  6000 | D:9      | Reached skill level 7 in Dodging
  6000 | D:9      | Reached skill level 2 in Evocations
  6250 | D:9      | Noticed a gargoyle
  6258 | D:9      | Killed a gargoyle
  6308 | D:9      | Reached skill level 12 in Unarmed Combat
  6339 | D:9      | Reached skill level 3 in Evocations
  6509 | D:9      | Reached XP level 11. HP: 106/107 MP: 10/10
  6838 | D:9      | Noticed a two-headed ogre
  6843 | D:9      | Killed a two-headed ogre
  7132 | D:9      | Found an opulent altar of Gozag.
  7240 | D:10     | Entered Level 10 of the Dungeon
  7383 | D:10     | Reached skill level 8 in Dodging
  7550 | D:10     | Noticed Erolcha
  7557 | D:10     | Killed Erolcha
  7558 | D:10     | Reached skill level 4 in Evocations
  7632 | D:10     | Noticed a fire dragon
  7638 | D:10     | Killed a fire dragon
  7639 | D:10     | Reached skill level 13 in Unarmed Combat
  7707 | D:10     | Noticed Harold
  7716 | D:10     | Killed Harold
  7996 | D:10     | Noticed a centaur warrior
  8003 | D:10     | Killed a centaur warrior
  8020 | D:10     | Noticed a two-headed ogre
  8028 | D:10     | Killed a two-headed ogre
  8244 | D:10     | Noticed a deep elf mage
  8256 | D:10     | Killed a deep elf mage
  8419 | D:10     | Reached XP level 12. HP: 115/115 MP: 11/11
  8683 | D:8      | Bought +1 acid dragon scales for 705 gold pieces
  8701 | D:8      | Identified a scroll of acquirement
  8701 | D:8      | Acquired a manual of Unarmed Combat
  8796 | Lair:1   | Entered Level 1 of the Lair of Beasts
  8798 | Lair:1   | Noticed a boulder beetle
  8815 | Lair:1   | Reached skill level 5 in Evocations
  8824 | Lair:1   | Reached skill level 14 in Unarmed Combat
  8839 | D:8      | Killed a boulder beetle
  8951 | Lair:1   | Reached skill level 9 in Dodging
  9586 | Lair:1   | Reached skill level 15 in Unarmed Combat
  9801 | Lair:1   | Noticed a four-headed hydra
  9811 | Lair:1   | Killed a five-headed hydra
 10377 | Lair:2   | Reached skill level 6 in Evocations
 10500 | Lair:2   | Noticed a five-headed hydra
 10507 | Lair:2   | Killed a five-headed hydra
 10508 | Lair:2   | Reached skill level 16 in Unarmed Combat
 10508 | Lair:2   | Found a staircase to the Swamp.
 10773 | Lair:2   | Noticed a four-headed hydra
 10779 | Lair:2   | Killed a four-headed hydra
 11015 | Lair:2   | Reached XP level 13. HP: 120/123 MP: 12/12
 11596 | Lair:3   | Found a gate leading to a gauntlet.
 11608 | Lair:3   | Reached skill level 10 in Dodging
 11608 | Lair:3   | Reached skill level 17 in Unarmed Combat
 11619 | Gauntlet | Entered a Gauntlet
 11619 | Gauntlet | Found a transporter.
 11619 | Gauntlet | Found a transporter.
 11634 | Gauntlet | Found a transporter.
 11649 | Gauntlet | Found a transporter.
 11667 | Gauntlet | Found a transporter.
 11679 | Gauntlet | Found a transporter.
 11698 | Gauntlet | Found a transporter.
 11764 | Gauntlet | Found a transporter.
 11779 | Gauntlet | Found a transporter.
 11781 | Gauntlet | Found a large runed translucent door.
 11782 | Gauntlet | Found a large runed translucent door.
 11783 | Gauntlet | Found a large runed translucent door.
 11783 | Gauntlet | Found a large runed translucent door.
 11788 | Gauntlet | Identified the ring "Pohaskoc" {+Fly rF++ Dex+3}
 11801 | Gauntlet | Found a transporter.
 11808 | Gauntlet | Found a transporter.
 11824 | Gauntlet | Found a transporter.
 11838 | Gauntlet | Found a large runed translucent door.
 11891 | Gauntlet | Found a transporter.
 11893 | Gauntlet | Found a large runed translucent door.
 11893 | Gauntlet | Noticed a green death
 11894 | Gauntlet | Found a large runed translucent door.
 11894 | Gauntlet | Found a transporter.
 11895 | Gauntlet | Found a large runed translucent door.
 11895 | Gauntlet | Found a large runed translucent door.
 11895 | Gauntlet | Found a runed translucent door.
 11895 | Gauntlet | Found a runed translucent door.
 11896 | Gauntlet | Found a large runed translucent door.
 11896 | Gauntlet | Found a large runed translucent door.
 11897 | Gauntlet | Found a large runed translucent door.
 11897 | Gauntlet | Found a large runed translucent door.
 11898 | Gauntlet | Found a large runed translucent door.
 11898 | Gauntlet | Found a large runed translucent door.
 11899 | Gauntlet | Found a runed translucent gate.
 11899 | Gauntlet | Found a runed translucent gate.
 11899 | Gauntlet | Found a runed translucent gate.
 11901 | Gauntlet | Found a transporter.
 11910 | Gauntlet | Found a transporter.
 11977 | Lair:3   | Found a staircase to the Snake Pit.
 12380 | Lair:3   | Reached skill level 7 in Evocations
 12677 | Lair:4   | Noticed a fire dragon
 12686 | Lair:4   | Killed a fire dragon
 12687 | Lair:4   | Reached skill level 1 in Armour
 13266 | Lair:4   | Reached skill level 7 in Fighting
 13283 | Lair:4   | Reached skill level 2 in Armour
 13283 | Lair:4   | Noticed Nessos
 13296 | Lair:4   | HP: 10/124 [Nessos/arrow (3)]
 13296 | Lair:4   | HP: 1/124 [four-headed hydra (4)]
 13296 | Lair:4   | Slain by a four-headed hydra

Vanquished Creatures
  Harold (D:10)
  2 fire dragons
  A boulder beetle (D:8)
  Erolcha (D:10)
  A centaur warrior (D:10)
  3 hydras
  3 two-headed ogres
  A lindwurm (Lair:3)
  2 deep elf magi
  3 black mambas
  2 torpor snails
  11 cane toads
  A gargoyle (D:9)
  5 rime drakes
  6 komodo dragons
  2 trolls
  Prince Ribbit (D:5)
  A hornet (D:9)
  13 blink frogs
  2 dream sheep (Lair:3)
  A shadow (D:9)
  A wraith (D:10)
  2 wyverns
  7 basilisks
  44 yaks
  3 nagas (Lair:3)
  12 water moccasins
  3 orc warriors
  An eye of draining (D:10)
  3 ice beasts (D:9)
  4 sky beasts
  3 phantoms (D:9)
  5 ogres
  5 centaurs
  9 wolves (Lair:1)
  An elf zombie (Ossuary)
  30 bullfrogs
  A gnoll sergeant (D:9)
  A wyvern zombie (D:7)
  6 scorpions
  7 killer bees
  12 wights
  3 howler monkeys
  2 electric eels (Lair:4)
  A quasit (D:5)
  A centaur zombie (D:6)
  2 centaur skeletons (D:10)
  4 orc priests
  3 hounds
  A jelly (D:8)
  5 orc wizards
  5 bullfrog skeletons
  Jessica (D:2)
  3 iguanas
  6 worker ants
  2 big kobold zombies (Ossuary)
  A hound zombie (D:10)
  A hound skeleton (D:9)
  4 mummies
  12 gnolls
  A worker ant zombie (D:7)
  11 adders
  A howler monkey skeleton (D:9)
  2 shadow imps
  A white imp (D:5)
  An ufetubus (D:5)
  An ooze (D:1)
  An adder zombie (D:7)
  3 adder skeletons
  2 worms
  A dart slug (D:1)
  7 leopard geckos
  26 orcs
  4 giant cockroaches
  4 goblins
  6 hobgoblins
  20 jackals
  8 quokkas
  6 ball pythons
  5 bats
  8 frilled lizards
  3 gnoll zombies (Ossuary)
  4 goblin zombies (Ossuary)
  2 hobgoblin zombies (Ossuary)
  A jackal zombie (D:7)
  8 kobolds
  2 orc zombies (Ossuary)
  A quokka skeleton (D:4)
  4 rats
424 creatures vanquished.

Vanquished Creatures (others)
  8 fungi
  25 plants
33 creatures vanquished.

Grand Total: 457 creatures vanquished

Table legend: (Time is in decaauts)
 A = Elapsed time spent in this place.
 B = Non-inter-level travel time spent in this place.
 C = Inter-level travel time spent in this place.
 D = Time resting spent in this place.
 E = Time spent auto-exploring this place.
 F = Levels seen in this place.
 G = Mean time per level.
                   A        B        C        D        E       F      G
               +--------+--------+--------+--------+--------+-----+--------+
         Total |  13380 |  12858 |    522 |   2231 |   8475 |  16 |  836.2 |
       Dungeon |   8810 |   8350 |    460 |   1204 |   5610 |  10 |  881.0 |
          Lair |   4111 |   4049 |     62 |   1011 |   2482 |   4 | 1027.8 |
       Ossuary |    143 |    143 |      0 |      0 |     85 |   1 |  143.0 |
      Gauntlet |    315 |    315 |      0 |     15 |    298 |   1 |  315.0 |
               +--------+--------+--------+--------+--------+-----+--------+

Top non-repeatable levels by time:
     D:9: 1507 daAuts
  Lair:1: 1458 daAuts
    D:10: 1413 daAuts
     D:7: 1141 daAuts
  Lair:2: 1136 daAuts
     D:4: 941 daAuts
     D:5: 915 daAuts
  Lair:3: 838 daAuts
     D:6: 730 daAuts
     D:8: 709 daAuts
  Lair:4: 679 daAuts
     D:3: 518 daAuts
     D:2: 479 daAuts
     D:1: 452 daAuts
Gauntlet: 315 daAuts

Table legend:
 A = Non-vault XP
 B = Vault XP
 C = Vault XP percentage of total XP
 D = Non-vault monster count
 E = Vault monster count
 F = Vault count percentage of total count
                 A         B        C        D         E       F
            +---------+---------+-------+---------+---------+-------
      Total |   35800 |   18127 |  33.6 |     313 |     111 |  26.2
            +---------+---------+-------+---------+---------+-------
        D:1 |      45 |       0 |   0.0 |      22 |       0 |   0.0
        D:2 |      74 |      55 |  42.6 |      20 |       6 |  23.1
        D:3 |      42 |       0 |   0.0 |      15 |       0 |   0.0
        D:4 |     971 |     148 |  13.2 |      17 |       5 |  22.7
        D:5 |     621 |     283 |  31.3 |      28 |       1 |   3.4
        D:6 |     665 |     406 |  37.9 |      18 |       6 |  25.0
        D:7 |     797 |     189 |  19.2 |      19 |       7 |  26.9
        D:8 |    2245 |    1068 |  32.2 |      17 |       2 |  10.5
        D:9 |    4541 |    2603 |  36.4 |      35 |      23 |  39.7
       D:10 |    1482 |    6633 |  81.7 |      23 |      20 |  46.5
     Lair:1 |    7521 |    1234 |  14.1 |      35 |       6 |  14.6
     Lair:2 |    5235 |    2107 |  28.7 |      19 |       5 |  20.8
     Lair:3 |    7521 |    2145 |  22.2 |      28 |      13 |  31.7
     Lair:4 |    4040 |    1060 |  20.8 |      17 |       1 |   5.6
    Ossuary |       0 |     196 | 100.0 |       0 |      16 | 100.0
            +---------+---------+-------+---------+---------+-------
